 Dungeon Crawl Stone Soup version 0.31.0-32-g396128a36d (webtiles) character file.

Game seed: 7543668016010944711

2843 monsoonserge the Grappler (level 9, -2/91 HPs)
             Began as a Gnoll Shapeshifter on Apr 2, 2024.
             Slain by an orc warlord
             ... wielding a +5 battleaxe
              (13 damage)
             ... in a bailey.
             The game lasted 00:17:13 (5742 turns).

monsoonserge the Grappler (Gnoll Shapeshifter)      Turns: 5742, Time: 00:17:13

Health: -2/91      AC: 32    Str: 16    XL:     9   Next: 74%
Magic:  16/16      EV:  2    Int: 11    God:
Gold:   137        SH: 14    Dex: 12    Spells: 17/17 levels left

rFire   . . .        D - +8 spear "Esoni" {speed, rPois Will+ SInv}
rCold   . . .        K - +0 kite shield
rNeg    . . .        g - melded +2 leather armour {rN+}
rPois   +            (helmet currently unavailable)
rElec   .            q - melded +2 cloak
rCorr   .            G - melded +0 pair of gloves
SInv    +            y - melded +0 pair of boots
Will    +....        A - amulet of reflection
Stlth   +++          f - +4 ring of protection
HPRegen 0.35/turn    p - +4 ring of protection
MPRegen 0.15/turn

%: reflection
@: mighty, tree-form
A: stationary, stasis, torment immunity, boosted hp, (fangs 1), strong nose,
distributed training, (cold resistance 1), frail 1
a: no special abilities


You were in a bailey.
You were a tree.
You visited 1 branch of the dungeon, and saw 7 of its levels.
You also visited: Bailey.

You collected 221 gold pieces.
You spent 84 gold pieces at shops.

Inventory:

Hand Weapons
 D - the +8 spear "Esoni" (weapon) {speed, rPois Will+ SInv}
   (You found it on level 6 of the Dungeon)

   rPois:     It protects you from poison Will+: It increases your willpower.
   SInv:      It lets you see invisible.
 H - the +9 mace "Ubretec" {pain, SInv}
   (You found it on level 6 of the Dungeon)

   SInv:      It lets you see invisible.
Missiles
 t - 3 poisoned darts
Armour
 e - a +0 scale mail
 g - a +2 leather armour of positive energy (melded)
 q - a +2 cloak (melded)
 y - a +0 pair of boots (melded)
 G - a +0 pair of gloves (melded)
 K - a +0 kite shield (worn)
 L - a +0 ring mail
 M - a +0 plate armour
Magical Staves
 k - a staff of fire
Jewellery
 f - a +4 ring of protection (left branch)
 h - a ring of flight
 p - a +4 ring of protection (right branch)
 z - an amulet of faith
 A - an amulet of reflection (around neck)
 B - a ring of ice
 E - a ring of protection from cold
Talismans
 c - a beast talisman
 d - a flux talisman
 r - a storm talisman
Scrolls
 a - 5 scrolls of teleportation {unknown}
 j - a scroll of immolation {unknown}
 l - 4 scrolls of identify {unknown}
 m - 2 scrolls of noise {unknown}
 n - a scroll of summoning {unknown}
 s - 2 scrolls of fog {unknown}
 u - a scroll of vulnerability {unknown}
 x - a scroll of poison {unknown}
 C - a scroll of revelation {unknown}
 O - 2 scrolls of fear {unknown}
 P - a scroll of enchant weapon {unknown}
 Q - 2 scrolls of brand weapon {unknown}
Potions
 i - 4 potions of curing
 F - a potion of invisibility {unknown}
 J - a potion of haste {unknown}
 N - a potion of magic
 R - a potion of cancellation {unknown}


   Skills:
 + Level 5.4 Fighting
 + Level 4.7 Short Blades
 + Level 4.7 Long Blades
 + Level 4.7 Axes
 + Level 4.7 Maces & Flails
 + Level 4.7 Polearms
 + Level 4.7 Staves
 + Level 4.7 Ranged Weapons
 + Level 4.7 Throwing
 + Level 4.7 Armour
 + Level 6.6 Dodging
 + Level 4.7 Stealth
 + Level 4.7 Shields
 + Level 8.1 Unarmed Combat
 + Level 4.7 Spellcasting
 + Level 3.9 Conjurations
 + Level 3.9 Hexes
 + Level 3.9 Summonings
 + Level 3.9 Necromancy
 + Level 3.9 Translocations
 + Level 3.9 Fire Magic
 + Level 3.9 Ice Magic
 + Level 3.9 Air Magic
 + Level 3.9 Earth Magic
 + Level 3.9 Alchemy
 + Level 5.2 Invocations
 + Level 4.7 Evocations
 + Level 7.9 Shapeshifting


You had 17 spell levels left.
You didn't know any spells.
Your spell library contained the following spells:

 Spells                   Type           Power      Damage    Failure   Level
 Slow                     Hex            44%        N/A       12%         1
 Confusing Touch          Hex            11%        N/A       34%         3
 Gell's Gravitas          Tloc           11%        N/A       34%         3
 Sigil of Binding         Hex            11%        N/A       34%         3
 Teleport Other           Tloc           11%        N/A       34%         3
 Vampiric Draining        Necr           11%        2d6       34%         3
 Vhi's Electric Charge    Tloc/Air       22%        N/A       75%         4
 Arcjolt                  Conj/Air       5%         1d15      97%         5
 Dispersal                Tloc           5%         N/A       100%        6
 Maxwell's Capacitive Co  Air            5%         ∞         100%        8


Dungeon Overview and Level Annotations

Branches:
Dungeon (7/15)             Bailey (1/1)
 Temple: D:4-7

Altars:
The Shining One

Shops:
D:1 *   D:4 [

Annotations:
D:4 3 runed translucent doors, jimmypageman's ghost, novice GnWn; tdog's ghost, novice SpBr
D:5 3 runed translucent doors, Eustachio; Grinder; Sigmund; bearlyready's ghost, novice HOBe


Innate Abilities, Weirdness & Mutations

You are a tree.
Your roots penetrate the ground, keeping you stationary.
You cannot be teleported.
You are immune to unholy pain and torment.
Your maximum health is greatly increased.
Your equipment is partially melded.
((You have very sharp teeth.))
Your uncanny sense of smell can sniff out nearby items.
Your experience applies equally to all skills.
((Your flesh is cold resistant. (rC+)))
You are frail. (-10% HP)


Message History

You hit the orc warlord but do no damage.
The orc warlord is lightly wounded.
The orc warlord hits you with a +5 battleaxe!
* * * LOW HITPOINT WARNING * * *
It was a potion of curing.
You feel better. You block the orc warlord's attack.
You aren't carrying any items that you can evoke.
Okay, then.
It was a potion of magic.
Magic courses through your body. You block the orc warlord's attack.
It was a potion of mutation.
You feel extremely strange.
You feel frail.
You feel resistant to cold.
The orc warlord hits you but does no damage.
Okay, then.
You barely miss the orc warlord.
The orc warlord is lightly wounded.
You barely miss the orc warlord.
The orc warlord is lightly wounded.
The orc warlord hits you with a +5 battleaxe!
* * * LOW HITPOINT WARNING * * *
It was a potion of enlightenment.
Your roots keep you in place.
The orc warlord hits you with a +5 battleaxe.
* * * LOW HITPOINT WARNING * * *
It was a potion of might.
You feel very mighty all of a sudden.
The orc warlord hits you but does no damage.
You puncture the orc warlord!
The orc warlord is moderately wounded.
The orc warlord hits you with a +5 battleaxe!
* * * LOW HITPOINT WARNING * * *
Unknown command.
You puncture the orc warlord!
The orc warlord is moderately wounded.
Your enlightenment fades.
The orc warlord hits you but does no damage.
You hit the orc warlord.
The orc warlord is moderately wounded.
You barely miss the orc warlord.
The orc warlord is moderately wounded.
The orc warlord hits you with a +5 battleaxe!
You die...

##..∩..## #.......#
##.......## #.........#
##.........##
#######.....⌠.....#####
##.....##.........##....
#.......og........')....
##......♣##.g.....##.)...
#.........#.......#.))...
##.........##88g88##......
#.....⌠.....###'###.....⌠.
##.........## .gg###......
#.........# g.g...#......
##.......##o......##.....
#.......#...go....#.....
##[....##.........##...)


You could see an orc warlord and a hobgoblin.

Vanquished Creatures
  An orc knight (Bailey)
  An unseen horror (D:6)
  An ice beast (D:5)
  9 orc warriors (Bailey)
  A centaur (D:7)
  An ogre (D:6)
  A phantom (D:6)
  A kobold brigand (D:3)
  2 scorpions
  A bullfrog (D:7)
  A howler monkey (D:6)
  3 hounds
  Crazy Yiuf (D:2)
  A bombardier beetle (D:4)
  A gnoll bouda (D:5)
  An orc priest (D:7)
  A jelly (D:6)
  Natasha (thrice) (D:4)
  An orc wizard (D:7)
  An iguana (D:4)
  11 gnolls
  5 adders
  A white imp (D:6)
  5 dart slugs
  2 ribbon worms
  21 orcs
  3 bats
  7 endoplasms
  5 giant cockroaches
  18 hobgoblins
  2 jackals (D:1)
  2 quokkas
  4 ball pythons (D:3)
  5 frilled lizards
  11 goblins
  2 kobolds (D:1)
  3 rats
140 creatures vanquished.

Notes
Turn   | Place    | Note
-------+----------+-------------------------------------------
     0 | D:1      | monsoonserge the Gnoll Shapeshifter began the quest for the
                  | Orb.
     0 | D:1      | Reached XP level 1. HP: 17/17 MP: 1/1
   270 | D:1      | Reached XP level 2. HP: 23/23 MP: 2/2
   500 | D:1      | Found Vudenah's Assorted Antiques.
   509 | D:1      | Bought a scroll labelled BAEH ZOITOATEC for 21 gold pieces
   683 | D:1      | Reached XP level 3. HP: 25/28 MP: 3/3
   791 | D:1      | Bought a scroll labelled BAL KYIJOQU for 21 gold pieces
   997 | D:1      | Found a faded altar of an unknown god.
  1134 | D:2      | Reached skill level 1 in Invocations
  1144 | D:2      | Reached skill level 1 in Short Blades
  1144 | D:2      | Reached skill level 1 in Long Blades
  1144 | D:2      | Reached skill level 1 in Axes
  1144 | D:2      | Reached skill level 1 in Maces & Flails
  1144 | D:2      | Reached skill level 1 in Polearms
  1144 | D:2      | Reached skill level 1 in Staves
  1144 | D:2      | Reached skill level 1 in Ranged Weapons
  1144 | D:2      | Reached skill level 1 in Throwing
  1144 | D:2      | Reached skill level 1 in Armour
  1144 | D:2      | Reached skill level 1 in Stealth
  1144 | D:2      | Reached skill level 1 in Shields
  1144 | D:2      | Reached skill level 1 in Spellcasting
  1144 | D:2      | Reached skill level 1 in Evocations
  1360 | D:1      | Reached XP level 4. HP: 26/34 MP: 5/5
  1413 | D:2      | Reached skill level 1 in Conjurations
  1413 | D:2      | Reached skill level 1 in Hexes
  1413 | D:2      | Reached skill level 1 in Summonings
  1413 | D:2      | Reached skill level 1 in Necromancy
  1413 | D:2      | Reached skill level 1 in Translocations
  1413 | D:2      | Reached skill level 1 in Fire Magic
  1413 | D:2      | Reached skill level 1 in Ice Magic
  1413 | D:2      | Reached skill level 1 in Air Magic
  1413 | D:2      | Reached skill level 1 in Earth Magic
  1413 | D:2      | Reached skill level 1 in Alchemy
  1462 | D:2      | Found a runed translucent door.
  1463 | D:2      | Noticed Crazy Yiuf
  1865 | D:2      | Killed Crazy Yiuf
  1866 | D:2      | Reached XP level 5. HP: 41/41 MP: 7/7
  2098 | D:1      | Bought a scroll labelled KIPOFR LERPH for 21 gold pieces
  2199 | D:3      | Noticed a kobold brigand
  2227 | D:3      | Killed a kobold brigand
  2228 | D:3      | Reached XP level 6. HP: 9/47 MP: 8/8
  2408 | D:3      | Found a glowing golden altar of the Shining One.
  2533 | D:1      | Bought a scroll labelled OLAWKY POCHI for 21 gold pieces
  2653 | D:3      | Reached skill level 5 in Dodging
  3173 | D:4      | Noticed Natasha
  3179 | D:4      | Killed Natasha
  3243 | D:4      | Found a runed translucent gate.
  3243 | D:4      | Found a runed translucent gate.
  3243 | D:4      | Found a runed translucent gate.
  3247 | D:4      | Noticed jimmypageman's ghost (novice GnWn)
  3247 | D:4      | Noticed tdog's ghost (novice SpBr)
  3310 | D:4      | Noticed Natasha
  3324 | D:4      | Killed Natasha
  3480 | D:4      | Noticed Natasha
  3491 | D:4      | Killed Natasha
  3580 | D:4      | Found Unuwur's Antique Armour Shoppe.
  3784 | D:5      | Entered Level 5 of the Dungeon
  3896 | D:5      | Reached skill level 7 in Unarmed Combat
  3896 | D:5      | Reached XP level 7. HP: 52/52 MP: 10/10
  3976 | D:5      | Noticed Sigmund
  3993 | D:6      | Identified the +8 spear "Esoni" {speed, rPois Will+ SInv}
  4197 | D:5      | Noticed Grinder
  4197 | D:5      | Noticed Eustachio
  4238 | D:6      | Identified the +9 mace "Ubretec" {pain, SInv}
  4354 | D:5      | Found a runed translucent gate.
  4354 | D:5      | Found a runed translucent gate.
  4354 | D:5      | Found a runed translucent gate.
  4354 | D:5      | Noticed bearlyready's ghost (novice HOBe)
  4416 | D:5      | Reached XP level 8. HP: 60/60 MP: 12/12
  4601 | D:6      | Noticed an unseen horror
  4613 | D:6      | Killed an unseen horror
  4851 | D:7      | Found a flagged portal.
  4961 | Bailey   | Entered a bailey
  5007 | Bailey   | Reached XP level 9. HP: 66/66 MP: 14/14
  5165 | Bailey   | Reached skill level 5 in Fighting
  5384 | Bailey   | Reached skill level 8 in Unarmed Combat
  5399 | Bailey   | Noticed an orc knight
  5442 | Bailey   | Killed an orc knight
  5443 | Bailey   | Reached skill level 5 in Invocations
  5679 | Bailey   | Noticed an orc warlord
  5734 | Bailey   | Gained mutation: You are frail. (-10% HP) [potion of
                  | mutation]
  5734 | Bailey   | Gained mutation: Your flesh is cold resistant. (rC+)
                  | [potion of mutation]
  5742 | Bailey   | Slain by an orc warlord

Illustrated notes

Levels and vault maps discovered:
D:1:      sevenhm_arrival_forest_fort_small_4, layout_loops_corners,
          shapermc_ecumenical_altar_hornbeckon, serial_shops, shop,
          minmay_pentomino_r2
D:2:      layout_loops_ring, uniq_crazy_yiuf_cottage
D:3:      layout_loops_ring, nicolae_overflow_hidden_temple
D:4:      layout_basic, gammafunk_ghost_cemetery, serial_shops,
          nicolae_shop_overgrown_old_shop, uniq_natasha
D:5:      layout_basic, mainiacjoe_overflow_boulevard,
          ebering_ghost_rock_garden, uniq_sigmund, uniq_grinder, uniq_eustachio
D:6:      layout_loops_cross, hangedman_decor_peaks_small
D:7:      layout_gridville, trog_book, minmay_temple_entry_proselytizer,
          enter_bailey_2, uniq_duvessa, uniq_maurice
Bailey:   bailey_axe_minmay_hex_keep, bailey

Skill      XL: |  1  2  3  4  5  6  7  8  9 |
---------------+----------------------------+-----
Invocations    | 1 2 3 4 5 |  5.2
Short Blades   | 1 2 3 4 |  4.7
Long Blades    | 1 2 3 4 |  4.7
Axes           | 1 2 3 4 |  4.7
Maces & Flails | 1 2 3 4 |  4.7
Polearms       | 1 2 3 4 |  4.7
Staves         | 1 2 3 4 |  4.7
Ranged Weapons | 1 2 3 4 |  4.7
Throwing       | 1 2 3 4 |  4.7
Armour         | 1 2 3 4 |  4.7
Stealth        | 1 2 3 4 |  4.7
Shields        | 1 2 3 4 |  4.7
Spellcasting   | 1 2 3 4 |  4.7
Evocations     | 1 2 3 4 |  4.7
Conjurations   | 1 2 3 |  3.9
Hexes          | 1 2 3 |  3.9
Summonings     | 1 2 3 |  3.9
Necromancy     | 1 2 3 |  3.9
Translocations | 1 2 3 |  3.9
Fire Magic     | 1 2 3 |  3.9
Ice Magic      | 1 2 3 |  3.9
Air Magic      | 1 2 3 |  3.9
Earth Magic    | 1 2 3 |  3.9
Alchemy        | 1 2 3 |  3.9
Fighting       | 3 4 5 |  5.4
Dodging        | 5 6 |  6.6
Unarmed Combat | 7 8 |  8.1
Shapeshifting  | 7 |  7.9

Action                     |  1- 3 |  4- 6 |  7- 9 || total
---------------------------+-------+-------+-------++-------
  Melee: Unarmed           |    58 |   141 |     5 ||   204
         Punch             |     3 |     3 |     8 ||    14
         Bite              |     5 |     8 |    28 ||    41
         Spear             |       |       |   337 ||   337
  Throw: Dart              |       |       |     5 ||     5
         Throwing net      |       |       |     1 ||     1
    Use: Potion            |       |     1 |     7 ||     8
   Stab: Sleeping          |     1 |     6 |     2 ||     9
         Distracted        |       |       |     1 ||     1
         Held in net/web   |       |       |     1 ||     1
 Armour: Leather armour    |    22 |    49 |    87 ||   158
         Scale mail        |     1 |       |       ||     1
         Skin              |       |     1 |    17 ||    18
  Dodge: Dodged            |    36 |    62 |    80 ||   178
  Block: Other             |       |     4 |     8 ||    12
         Kite shield       |       |       |   143 ||   143
         Reflection        |       |       |     2 ||     2
         Form:             |       |       |     1 ||     1
         Beast             |       |       |     1 ||     1
